 Dungeon Crawl Stone Soup version 0.29.1-2-gbd0b4ee654 (webtiles) character file.

Game seed: 2096689662372329080

72 RUZZLEFAZAZZLE the Magician (level 4, 0/32 HPs)
             Began as a Gnoll Hedge Wizard on Nov 28, 2022.
             Slain by Sigmund
             ... wielding a +0 scythe
              (11 damage)
             ... on level 3 of the Dungeon.
             The game lasted 00:11:22 (3061 turns).

RUZZLEFAZAZZLE the Magician (Gnoll Hedge Wizard)    Turns: 3061, Time: 00:11:22

Health: 0/32       AC:  3    Str:  9    XL:     4   Next: 26%
Magic:  12/13      EV: 13    Int: 15    God:
Gold:   23         SH:  0    Dex: 12    Spells: 8/17 levels left

rFire   . . .      SeeInvis .   a - +0 dagger
rCold   . . .      Faith    .   (no shield)
rNeg    . . .      Spirit   .   j - +0 robe
rPois   .          Reflect  .   c - +1 hat
rElec   .          Harm     .   (no cloak)
rCorr   .          Rampage  .   (no gloves)
Will    .....                   (no boots)
Stlth   +.........              (no amulet)
HPRegen 0.10/turn               (no ring)
MPRegen 0.13/turn               (no ring)

@: confused
A: fangs 1, strong nose, distributed training
a: no special abilities


You were on level 3 of the Dungeon.
You visited 1 branch of the dungeon, and saw 3 of its levels.

You collected 150 gold pieces.
You spent 127 gold pieces at shops.

Inventory:

Hand Weapons
 a - a +0 dagger (weapon)
Armour
 b - a +3 kite shield
 c - a +1 hat (worn)
 j - a +0 robe (worn)
Scrolls
 e - a scroll of identify
Potions
 f - a potion of attraction
 h - a potion of haste {unknown}
 i - a potion of curing


   Skills:
 + Level 1.1 Fighting
 + Level 1.1 Short Blades
 + Level 1.1 Long Blades
 + Level 1.1 Axes
 + Level 1.1 Maces & Flails
 + Level 1.1 Polearms
 + Level 1.1 Staves
 + Level 1.1 Ranged Weapons
 + Level 1.1 Throwing
 + Level 1.1 Armour
 + Level 4.6 Dodging
 + Level 4.2 Stealth
 + Level 1.1 Shields
 + Level 1.1 Unarmed Combat
 + Level 7.2 Spellcasting
 + Level 2.2 Conjurations
 + Level 0.9 Hexes
 + Level 2.2 Summonings
 + Level 0.9 Necromancy
 + Level 2.2 Translocations
 + Level 0.9 Transmutations
 + Level 0.9 Fire Magic
 + Level 0.9 Ice Magic
 + Level 0.9 Air Magic
 + Level 0.9 Earth Magic
 + Level 0.9 Poison Magic
 + Level 1.2 Invocations
 + Level 1.1 Evocations


You had 8 spell levels left.
You knew the following spells:

 Your Spells              Type           Power      Damage    Failure   Level
a - Magic Dart            Conj           48%        1d5       5%          1
b - Call Imp              Summ           12%        N/A       8%          2
c - Conjure Flame         Conj/Fire      10%        6-21      21%         3
d - Mephitic Cloud        Conj/Pois/Air  9%         N/A       22%         3

Your spell library contained the following spells:

 Spells                   Type           Power      Damage    Failure   Level
 Blink                    Tloc           24%        N/A       8%          2
 Freeze                   Ice            32%        1d5       9%          1
 Sandblast                Erth           16%        2d6       9%          1
 Slow                     Hex            32%        N/A       9%          1
 Passwall                 Tmut/Erth      6%         N/A       14%         2
 Stone Arrow              Conj/Erth      20%        3d8       21%         3
 Frozen Ramparts          Ice            16%        1d3       26%         3
 Hailstorm                Conj/Ice       10%        3d5       56%         4


Dungeon Overview and Level Annotations

Branches:
Dungeon (3/15)

Altars:

Shops:
D:1 ([[=(

Annotations:
D:3 Sigmund


Innate Abilities, Weirdness & Mutations

You have very sharp teeth.
Your uncanny sense of smell can sniff out nearby items.
Your experience applies equally to all skills.


Message History

You feel much better.
Aiming: Magic Dart (safe; 5% risk of failure)
Press: ? - help, Q - select action, (/) - cycle Shift-Dir - straight line, f/p - Sigmund
Aim: Sigmund, wielding a +0 scythe and wearing a +0 robe (severely wounded, 100% to hit)
The magic dart hits Sigmund but does no damage.
Sigmund is severely wounded.
Sigmund casts a spell.
Sigmund flickers and vanishes!
Deactivating autopickup; reactivate with Ctrl-A.
Unknown command.
Aiming: Magic Dart (safe; 5% risk of failure)
Press: ? - help, Q - select action, (/) - cycle Shift-Dir - straight line The magic dart hits something.
Something hits you.
Aiming: Magic Dart (safe; 5% risk of failure)
Press: ? - help, Q - select action, (/) - cycle Shift-Dir - straight line The magic dart hits something.
Something hits you!
Aiming: Magic Dart (safe; 5% risk of failure)
Press: ? - help, Q - select action, (/) - cycle Shift-Dir - straight line The magic dart hits something.
Your magical contamination has completely faded away.
Magic courses through your body.
You hear some strange, mumbled words.
You are confused.
You're too confused to cast spells.
You bump into the rock wall.
Something completely misses you.
You hear some strange, mumbled words.
A puff of flame appears from out of thin air!
The puff of flame hits you!
You feel less confused.
Aiming: Magic Dart (safe; 5% risk of failure)
Press: ? - help, Q - select action, (/) - cycle Shift-Dir - straight line You hear some strange, mumbled words.
You are confused.
You're too confused to cast spells.
Something hits you but does no damage.
You're too confused to move!
You're too confused to move!
Something hits you!
You die...

#....... #......#. ...# #........
...# +......# ...#### ∆ #......#
....... #......## ......)
#........ ##..######
#######...####.
............#.#{@..........
.......#.........##.#######
...............####.##
...........>..## #.(#
..............######.########
............................##
..............#..............####
.................................
......#####......>........)...##.


There were no monsters in sight!

Vanquished Creatures
  An adder (D:2)
  A worm (D:2)
  3 dart slugs
  3 bats (D:2)
  3 endoplasms
  A giant cockroach (D:1)
  3 goblins
  12 hobgoblins
  4 kobolds
  3 ball pythons (D:1)
  3 frilled lizards
  4 rats
41 creatures vanquished.

Vanquished Creatures (collateral kills)
  An adder (D:2)
1 creature vanquished.

Grand Total: 42 creatures vanquished

Notes
Turn   | Place    | Note
-------+----------+-------------------------------------------
     0 | D:1      | RUZZLEFAZAZZLE the Gnoll Hedge Wizard began the quest for
                  | the Orb.
     0 | D:1      | Reached XP level 1. HP: 13/13 MP: 8/8
   176 | D:1      | Found Asot's Antique Weapon Emporium.
   330 | D:1      | Found a faded altar of an unknown god.
   380 | D:1      | Found Qabboici's Armour Shop.
   388 | D:1      | Reached XP level 2. HP: 19/19 MP: 6/10
   456 | D:1      | Found Exte Qath's Antique Armour Boutique.
   468 | D:1      | Learned a level 2 spell: Call Imp
   524 | D:1      | Found Fifuer's Antique Weapon Boutique.
   827 | D:1      | Found Egham's Jewellery Shoppe.
   925 | D:1      | Reached XP level 3. HP: 25/25 MP: 9/11
   929 | D:1      | Learned a level 3 spell: Conjure Flame
   933 | D:1      | Learned a level 3 spell: Mephitic Cloud
  1325 | D:2      | Reached skill level 1 in Invocations
  1481 | D:2      | Reached skill level 1 in Fighting
  1481 | D:2      | Reached skill level 1 in Short Blades
  1481 | D:2      | Reached skill level 1 in Long Blades
  1481 | D:2      | Reached skill level 1 in Axes
  1481 | D:2      | Reached skill level 1 in Maces & Flails
  1481 | D:2      | Reached skill level 1 in Polearms
  1481 | D:2      | Reached skill level 1 in Staves
  1481 | D:2      | Reached skill level 1 in Ranged Weapons
  1481 | D:2      | Reached skill level 1 in Throwing
  1481 | D:2      | Reached skill level 1 in Armour
  1481 | D:2      | Reached skill level 1 in Shields
  1481 | D:2      | Reached skill level 1 in Unarmed Combat
  1481 | D:2      | Reached skill level 1 in Evocations
  1853 | D:2      | Reached XP level 4. HP: 32/32 MP: 8/13
  2610 | D:1      | Bought a shiny kite shield for 127 gold pieces
  2843 | D:3      | Noticed Sigmund
  3061 | D:3      | Slain by Sigmund

Illustrated notes

Levels and vault maps discovered:
D:1:      minmay_arrival_semitransparent, layout_loops_ring, serial_shops, shop,
          nicolae_diamond_shop, shop, shop, nicolae_lakefront_shop,
          shapermc_ecumenical_altar_mp_ritualfount, minmay_pentomino_u2
D:2:      kennysheep_big_flooded_room, layout_loops_corners
D:3:      layout_rooms, kennysheep_generic_room_9, uniq_sigmund

Skill      XL: |  1  2  3 |
---------------+----------+-----
Conjurations   | 2 |  2.2
Summonings     | 2 |  2.2
Translocations | 2 |  2.2
Invocations    | 1 |  1.2
Fighting       | 1 |  1.1
Short Blades   | 1 |  1.1
Long Blades    | 1 |  1.1
Axes           | 1 |  1.1
Maces & Flails | 1 |  1.1
Polearms       | 1 |  1.1
Staves         | 1 |  1.1
Ranged Weapons | 1 |  1.1
Throwing       | 1 |  1.1
Armour         | 1 |  1.1
Shields        | 1 |  1.1
Unarmed Combat | 1 |  1.1
Evocations     | 1 |  1.1
Dodging        | |  4.6
Stealth        | |  4.2
Spellcasting   | |  7.2
Hexes          | |  0.9
Necromancy     | |  0.9
Transmutations | |  0.9
Fire Magic     | |  0.9
Ice Magic      | |  0.9
Air Magic      | |  0.9
Earth Magic    | |  0.9
Poison Magic   | |  0.9

Action                   |  1- 3 |  4- 6 || total
-------------------------+-------+-------++-------
Melee: Dagger            |    17 |     2 ||    19
       Bite              |     6 |       ||     6
 Cast: Magic Dart        |    83 |    37 ||   120
       Call Imp          |     2 |     1 ||     3
       Conjure Flame     |     1 |       ||     1
       Mephitic Cloud    |       |     1 ||     1
  Use: Scroll            |       |     6 ||     6
       Potion            |       |     3 ||     3
Armor: Robe              |     3 |     3 ||     6
Dodge: Dodged            |    21 |     7 ||    28
